 Dungeon Crawl Stone Soup version 0.31-a0-142-g31f6795574 (webtiles) character file.

Game seed: 10456415954878912125

68 HoaS the Shooter (level 3, -11/29 HPs)
             Began as a Demigod Hunter on June 3, 2023.
             Killed by divine providence
             ... invoked by an orc priest
              (15 damage)
             ... on level 2 of the Dungeon.
             The game lasted 00:02:10 (805 turns).

HoaS the Shooter (Demigod Hunter)                    Turns: 805, Time: 00:02:10

Health: -11/29     AC:  3    Str: 12    XL:     3   Next: 73%
Magic:  5/5        EV: 12    Int: 11    God:
Gold:   66         SH:  0    Dex: 21    Spells: 2/2 levels left

rFire   . . .        a - +1 shortbow
rCold   . . .        (shield currently unavailable)
rNeg    . . .        c - +0 leather armour
rPois   .            (no helmet)
rElec   .            (no cloak)
rCorr   .            (no gloves)
SInv    .            (no boots)
Will    .....        (no amulet)
Stlth   ++           (no ring)
HPRegen 0.24/turn    (no ring)
MPRegen 0.09/turn

%: no passive effects
@: no status effects
A: high MP 1, forlorn, divine attributes
a: no special abilities


You were on level 2 of the Dungeon.
You visited 1 branch of the dungeon, and saw 2 of its levels.

You collected 66 gold pieces.

Inventory:

Hand Weapons
 a - a +1 shortbow (weapon)
Armour
 c - a +0 leather armour (worn)
Scrolls
 b - 2 scrolls of butterflies
Potions
 d - a potion of haste {unknown}
 e - a potion of cancellation {unknown}
 f - 2 potions of enlightenment


   Skills:
 - Level 1.7 Fighting
 + Level 5.1 Ranged Weapons
 - Level 1.7 Dodging
 - Level 0.8 Stealth


You had 2 spell levels left.
You didn't know any spells.
Your spell library was empty.

Dungeon Overview and Level Annotations

Branches:
Dungeon (2/15)


Innate Abilities, Weirdness & Mutations

You have an increased reservoir of magic. (+10% MP)
You shall have no god before yourself.
Your divine heritage dramatically boosts your attributes as you level up.


Message History

Something hits you. x2
You shoot an arrow. The arrow barely misses the orc priest.
Something hits you.
You shoot an arrow. The arrow barely misses the orc priest.
Something hits you.
You shoot an arrow. Something hits you.
You shoot an arrow. Something hits you but does no damage.
The orc priest looks satisfied for a moment.
You shoot an arrow.
Reactivating autopickup.
You feel a bit more experienced.
Your Ranged Weapons skill increases to level 5!
You shoot an arrow. The arrow hits the orc priest.
The orc priest is moderately wounded.
The orc priest hits you but does no damage.
You shoot an arrow.
The arrow hits the orc priest but does no damage.
The orc priest is moderately wounded.
The orc priest closely misses you.
The orc priest invokes the aid of Beogh against you.
Pain shoots through your body!
* * * LOW HITPOINT WARNING * * *
You feel better. The orc priest hits you with a +0 club.
You shoot an arrow.
The arrow hits the orc priest but does no damage.
The orc priest is moderately wounded.
The orc priest hits you with a +0 club.
* * * LOW HITPOINT WARNING * * *
You shoot an arrow.
The arrow hits the orc priest but does no damage.
The orc priest is moderately wounded.
The orc priest casts a cantrip, but nothing happens.
You shoot an arrow. The arrow hits the orc priest.
The orc priest is heavily wounded.
The orc priest hits you with a +0 club.
* * * LOW HITPOINT WARNING * * *
You shoot an arrow. The arrow hits the orc priest.
The orc priest is severely wounded.
The orc priest calls down the wrath of Beogh upon you.
Beogh smites you!
Ouch! That really hurt!
You die...

#.......#..........#
#####.......#..........#
#..^........#..........#
#.####......####.###...###
#.....[# #.# ###...#
#.###### #.# ###.#
#.#####.#### ##.# #.#
#.......o.o### #..# #.#
...##..###...###@##
#.####### #.## ###..##o##
#.##..... ...# ##...).#
#.#.†.... #o... ####..##
#.....(.. #o.#.#### #...#
#........ ...
.....#####...######........
o###
###........................
o. ##..[.##.).............
##......................


You could see an orc priest.

Vanquished Creatures
  An orc wizard (D:2)
  An adder (D:2)
  A dart slug (D:2)
  An orc (D:2)
  3 bats (D:1)
  2 endoplasms (D:2)
  A giant cockroach (D:1)
  2 goblins (D:1)
  3 hobgoblins
  2 quokkas (D:1)
  6 ball pythons
  5 frilled lizards (D:1)
  2 kobolds (D:1)
  A rat (D:1)
31 creatures vanquished.

Notes
Turn   | Place    | Note
-------+----------+-------------------------------------------
     0 | D:1      | HoaS the Demigod Hunter began the quest for the Orb.
     0 | D:1      | Reached XP level 1. HP: 17/17 MP: 3/3
   212 | D:1      | Reached skill level 4 in Ranged Weapons
   237 | D:1      | You fall into a shaft and drop 1 floor!
   249 | D:1      | Reached XP level 2. HP: 24/24 MP: 4/4
   730 | D:2      | Reached XP level 3. HP: 29/29 MP: 5/5
   799 | D:2      | Reached skill level 5 in Ranged Weapons
   805 | D:2      | Killed from afar by an orc priest

Illustrated notes

Levels and vault maps discovered:
D:1:      nagdon_arrival_double_spiral, layout_basic,
          ebering_ecumenical_altar_petrified
D:2:      layout_rooms, basic_altar

Skill      XL: |  1  2  3 |
---------------+----------+-----
Ranged Weapons | 4 5 |  5.1
Fighting       | |  1.7
Dodging        | |  1.7
Stealth        | |  0.8

Action                     || total
---------------------------++-------
  Melee: Shortbow          ||     2
   Fire: Shortbow          ||    91
    Use: Scroll            ||     5
         Potion            ||     1
 Armour: Leather armour    ||    18
  Dodge: Dodged            ||    33

Table legend: (Time is in decaauts)
 A = Elapsed time spent in this place.
 B = Non-inter-level travel time spent in this place.
 C = Inter-level travel time spent in this place.
 D = Time resting spent in this place.
 E = Time spent auto-exploring this place.
 F = Levels seen in this place.
 G = Mean time per level.
                   A        B        C        D        E       F      G
               +--------+--------+--------+--------+--------+-----+--------+
         Total |    825 |    786 |     39 |     52 |    538 |   2 |  412.5 |
       Dungeon |    825 |    786 |     39 |     52 |    538 |   2 |  412.5 |
               +--------+--------+--------+--------+--------+-----+--------+

Top non-repeatable levels by time:
     D:1: 522 daAuts
     D:2: 303 daAuts
